 Dungeon Crawl Stone Soup version 0.24.0-13-gcf9b319 (webtiles) character file.

Game seed: 13126847285121985433, levelgen mode: deterministic

70 Fang the Skirmisher (level 4, 0/29 HPs)
             Began as a Gargoyle Fighter on Jan 3, 2020.
             Killed by divine providence
             ... invoked by an orc priest
              (16 damage)
             ... on level 3 of the Dungeon.
             The game lasted 00:01:29 (1300 turns).

Fang the Skirmisher (Gargoyle Fighter)              Turns: 1300, Time: 00:01:30

Health: 0/29       AC: 10    Str: 21    XL:     4   Next: 21%
Magic:  4/4        EV:  7    Int:  8    God:
Gold:   66         SH:  9    Dex:  7    Spells: 3/3 levels left

rFire    . . .     SeeInvis .   a - +0 war axe
rCold    . . .     Gourm    .   B - +0 shield
rNeg     + + .     Faith    .   b - +0 scale mail
rPois    ∞         Spirit   .   (no helmet)
rElec    +         Reflect  .   (no cloak)
rCorr    .         Harm     .   (no gloves)
MR       .....                  (no boots)
Stlth    ..........             k - amulet of rage
HPRegen  0.09/turn              e - -2 ring of dexterity (curse)
MPRegen  0.09/turn              j - ring of positive energy

@: no status effects
A: negative energy resistance 1, electricity resistance, unbreathing,
petrification resistance, rot immunity, AC +3
a: Evoke Berserk Rage


You were on level 3 of the Dungeon.
You were not hungry.

You visited 1 branch of the dungeon, and saw 3 of its levels.

You collected 66 gold pieces.

Inventory:

Hand Weapons
 a - a +0 war axe (weapon)
Armour
 b - a +0 scale mail (worn)
 B - a +0 shield (worn)
Jewellery
 e - a cursed -2 ring of dexterity (left hand)
 j - a ring of positive energy (right hand)
 k - an amulet of rage (around neck)
Scrolls
 h - 3 scrolls of identify {unknown}
 l - a scroll of amnesia {unknown}
 n - a scroll of fear {unknown}
Potions
 d - 2 potions of might
 f - 2 potions of heal wounds {unknown}
 i - a potion of flight {unknown}
 m - a potion of mutation {unknown}
 o - a potion of curing {unknown}
Comestibles
 c - 5 rations


   Skills:
 + Level 3.9 Fighting
 + Level 2.4 Axes
 + Level 3.9 Armour
 + Level 3.9 Shields


You had 3 spell levels left.
You didn't know any spells.
Your spell library was empty.

Dungeon Overview and Level Annotations

Branches:
Dungeon (3/15)

Altars:
Zin

Shops:
D:2 *


Innate Abilities, Weirdness & Mutations

You are resistant to torment.
Your stone body is resilient. (AC +3)
You are immune to poison.
You resist negative energy. (rN+)
You are resistant to electric shocks. (rElec)
You can survive without breathing.
You are immune to petrification.
You are immune to rotting.


Message History

The orc priest invokes the aid of Beogh against you.
Beogh smites you!
You hit the orc priest.
The orc priest is moderately wounded.
You block the orc priest's attack.
You closely miss the orc priest.
The orc priest is moderately wounded.
You block the orc priest's attack.
The orc priest hits you but does no damage.
You closely miss the orc priest.
The orc priest is moderately wounded.
The orc priest invokes the aid of Beogh against you.
Pain shoots through your body!
You hit the orc priest.
The orc priest is heavily wounded.
You block the orc priest's attack.
The orc priest invokes the aid of Beogh against you.
Beogh smites you!
Ouch! That really hurt!
You die...

+.. #.. ## +.. ... ##..
.... ... h .....
.#####.##########h.....
..............?@ooh....
#####..#############..
.#####....######
.......<#......#
#########......#
.......'......#
########......#
#......# #......#


You could see an orc priest, an orc and 2 jackals.

Vanquished Creatures
  3 adders (D:2)
  2 oozes (D:2)
  A dart slug (D:2)
  2 orcs (D:3)
  6 bats
  3 goblins
  3 hobgoblins
  2 jackals (D:1)
  4 kobolds
  A frilled lizard (D:2)
  3 rats
30 creatures vanquished.

Notes
Turn   | Place    | Note
-------+----------+-------------------------------------------
     0 | D:1      | Fang the Gargoyle Fighter began the quest for the Orb.
     0 | D:1      | Reached XP level 1. HP: 14/14 MP: 1/1
   390 | D:1      | Reached XP level 2. HP: 17/19 MP: 2/2
   836 | D:2      | Reached XP level 3. HP: 18/24 MP: 3/3
   940 | D:2      | Found Zin's Purification Station.
   947 | D:2      | Found a glowing silver altar of Zin.
  1050 | D:2      | Reached XP level 4. HP: 22/29 MP: 4/4
  1300 | D:3      | Killed from afar by an orc priest

Levels and vault maps discovered:
D:1:      arrival_zaba_pyramid, layout_basic
D:2:      layout_rooms, zin_purify
D:3:      layout_basic, led_sif_book, grunt_ministairs_15, item_on_display_a,
          uniq_ijyb

Skill      XL: |  1  2 |
---------------+-------+-----
Axes           | 2 |  2.4
Fighting       | |  3.9
Armour         | |  3.9
Shields        | |  3.9

Action                   |  1- 3 |  4- 6 || total
-------------------------+-------+-------++-------
Melee: War axe           |   140 |    13 ||   153
  Eat: Chunk             |     1 |     1 ||     2
Armor: Scale mail        |   103 |     3 ||   106
Dodge: Dodged            |    48 |     2 ||    50
Block: Shield            |    90 |     8 ||    98
